 Dungeon Crawl Stone Soup version 0.21.1-1-g345015f (webtiles) character file.

366 Fang the Chopper (level 6, -4/39 HPs)
             Began as a Gargoyle Berserker on May 3, 2018.
             Was a Priest of Trog.
             Slain by a scorpion (5 damage)
             ... on level 4 of the Dungeon.
             The game lasted 00:05:41 (3316 turns).

Fang the Chopper (Gargoyle Berserker)               Turns: 3316, Time: 00:05:42

Health: -4/39      AC:  7    Str: 25    XL:     6   Next: 68%
Magic:  6/6        EV: 13    Int:  7    God:    Trog [***...]
Gold:   158        SH:  0    Dex:  9    Spells: 5/5 levels left

rFire    . . .     SeeInvis .   a - +0 hand axe
rCold    . . .     Gourm    .   (no shield)
rNeg     + . .     Faith    .   b - +1 animal skin
rPois    ∞         Spirit   .   (no helmet)
rElec    +         Reflect  .   (no cloak)
rCorr    .         Harm     .   (no gloves)
MR       .....                  (no boots)
Stlth    +.........             (no amulet)
HPRegen  0.13/turn              k - ring of poison resistance
MPRegen  0.10/turn              f - +2 ring of strength

@: berserk cooldown, slowed, very slow
A: negative energy resistance 1, electricity resistance, unbreathing,
petrification resistance, rot immunity, AC +4
a: Berserk, Trog's Hand, Burn Spellbooks, Renounce Religion


You were on level 4 of the Dungeon.
You worshipped Trog.
Trog was most pleased with you.
You were hungry.

You visited 1 branch of the dungeon, and saw 4 of its levels.

You collected 158 gold pieces.

Inventory:

Hand Weapons
 a - a +0 hand axe (weapon)
Armour
 b - a +1 animal skin (worn)
Jewellery
 f - a +2 ring of strength (right hand)
 k - a ring of poison resistance (left hand)
Wands
 p - a wand of random effects (11)
Scrolls
 e - a scroll of blinking
 g - a scroll of identify
 i - a scroll of magic mapping
Potions
 n - a potion of lignification
Comestibles
 c - 6 rations
 d - 2 chunks of flesh


   Skills:
 + Level 4.6 Fighting
 + Level 5.0 Axes
 + Level 2.4 Armour
 + Level 3.1 Dodging
 + Level 1.0 Stealth


You had 5 spell levels left.
You didn't know any spells.

Dungeon Overview and Level Annotations

Branches:
Dungeon (4/15)
 Temple: D:4-7

Altars:

Annotations:
D:4 Pikel


Innate Abilities, Weirdness & Mutations

You are resistant to torment.
Your stone body is resilient. (AC +4)
You are immune to poison.
You resist negative energy. (rN+)
You are resistant to electric shocks. (rElec)
You can survive without breathing.
You are immune to petrification.
You are immune to rotting.


Message History

Pikel freezes you.
* * * LOW HITPOINT WARNING * * *
The worker ant bites you but does no damage.
The slave hits you.
* * * LOW HITPOINT WARNING * * *
You closely miss the scorpion.
The scorpion is almost dead.
You barely miss the slave. You hit the worker ant.
You kill the worker ant!
Trog accepts your kill.
Your Axes skill increases to level 5!
You closely miss the hound. You barely miss the slave. You barely miss Pikel.
The hound bites you but does no damage. The slave hits you.
* * * LOW HITPOINT WARNING * * *
The scorpion closely misses you. The hound bites you but does no damage.
Pikel barely misses you. The slave hits you but does no damage.
The slave hits you.
* * * LOW HITPOINT WARNING * * *
The scorpion stings you.
You die...

###########
..........#
..........#
..........#
......).p=####
......)@s....#
......hpK..#.#
##
.......a...#
###.
..##.##..#.#
... . #.
##%#... #. .
.. .#. #. # .#
# # #. .. #.
#.


You could see Pikel, 2 slaves, a scorpion, a hound and a worker ant.

Vanquished Creatures
  2 slaves (D:4)
  2 vampire bats (D:4)
  A crimson imp (D:1)
  2 orc priests (D:4)
  An orc wizard (D:4)
  3 worker ants (D:4)
  2 adders
  3 worms
  2 dart slugs
  3 leopard geckos
  8 orcs
  A giant cockroach (D:4)
  11 hobgoblins
  3 jackals (D:3)
  9 kobolds
  15 bats
  7 frilled lizards
  4 goblins
  4 rats
83 creatures vanquished.

Vanquished Creatures (others)
  2 orcs (D:4)
2 creatures vanquished.

Grand Total: 85 creatures vanquished

Notes
Turn   | Place    | Note
-------+----------+-------------------------------------------
     0 | D:1      | Fang the Gargoyle Berserker began the quest for the Orb.
     0 | D:1      | Reached XP level 1. HP: 14/14 MP: 1/1
   347 | D:1      | Reached XP level 2. HP: 17/19 MP: 2/2
   398 | D:1      | Reached skill level 3 in Axes
   913 | D:2      | Noticed a crimson imp
   928 | D:2      | Reached XP level 3. HP: 12/24 MP: 3/3
  1326 | D:1      | Reached XP level 4. HP: 29/29 MP: 4/4
  1435 | D:2      | Reached ** piety under Trog
  2474 | D:3      | Reached XP level 5. HP: 32/33 MP: 5/5
  2983 | D:4      | Reached skill level 4 in Axes
  3002 | D:4      | HP: 2/49 [something/puff of flame (3)]
  3020 | D:4      | Reached *** piety under Trog
  3208 | D:4      | Reached XP level 6. HP: 37/39 MP: 6/6
  3236 | D:4      | Found the +4 Vampire's Tooth {vamp}
  3294 | D:4      | Noticed a slave
  3294 | D:4      | Noticed a slave
  3296 | D:4      | Reached skill level 1 in Stealth
  3297 | D:4      | Noticed Pikel
  3299 | D:4      | Noticed a slave
  3301 | D:4      | Killed a slave
  3307 | D:4      | Noticed a slave
  3308 | D:4      | Killed a slave
  3316 | D:4      | Reached skill level 5 in Axes
  3316 | D:4      | HP: 1/39 [slave[Pikel] (5)]
  3316 | D:4      | Slain by a scorpion

Skill      XL: |  1  2  3  4  5  6 |
---------------+-------------------+-----
Axes           | 3 4 5 |  5.0
Dodging        | 2 3 |  3.1
Fighting       | 4 |  4.6
Stealth        | 1 |  1.0
Armour         | |  2.4

Action                   |  1- 3 |  4- 6 || total
-------------------------+-------+-------++-------
Melee: Hand axe          |    89 |   202 ||   291
Invok: Berserk           |     1 |     3 ||     4
  Use: Scroll            |       |     7 ||     7
       Potion            |       |     6 ||     6
  Eat: Chunk             |     1 |    10 ||    11
Armor: Animal skin       |    27 |   107 ||   134
       Skin              |       |    29 ||    29
Dodge: Dodged            |    89 |   226 ||   315
